Map: [ESL] Site Delta

Players

Harstem - Winner!

  • Race: Protoss Protoss
  • Spawn Location: 5:00

uThermal

  • Race: Zerg Zerg
  • Spawn Location: 11:00

Event: ESL SC2 Masters 2024 Spring (Regional)

VOD

Have the link to the VOD?

Description

Time

  • Played on: April 10, 2024, 1:26 p.m.
  • Length: 6:42

All games in this series

Show
View Real Time Build Order
Export as new Build Order

Harstem Protoss - Winner!

Build Orders: 1 Gate Expand, Oracle Opening 

Get SALT Encoding   

  12  0:00  Probe  
  13  0:12  Probe  
  14  0:18  Pylon  
  14  0:24  Probe  
  15  0:36  Probe (Chrono Boost)  
  15  0:37  Gateway  
  16  0:47  Assimilator, Probe (Chrono Boost)  
  17  0:52  Probe (Chrono Boost)  
  18  1:03  Probe  
  19  1:15  Probe  
  20  1:24  Nexus  
  20  1:32  Cybernetics Core  
  20  1:35  Probe  
  21  1:41  Assimilator  
  22  1:47  Probe  
  22  1:50  Pylon  
  22  1:59  Probe  
  23  2:06  Adept (Chrono Boost)  
  23  2:11  Probe  
  26  2:21  Stargate  
  26  2:23  Probe (Chrono Boost)  
  26  2:28  Adept  
  29  2:32  Probe (Chrono Boost)  
  29  2:36  Probe (Chrono Boost)  
  31  2:43  Probe (Chrono Boost)  
  32  2:46  Probe (Chrono Boost)  
  32  2:48  Warp Gate  
  32  2:51  Probe x2 (Chrono Boost)  
  35  3:00  Adept  
  35  3:01  Probe  
  35  3:02  Probe  
  39  3:05  Oracle (Chrono Boost)  
  39  3:07  Pylon  
  42  3:13  Probe  
  42  3:15  Probe  
  44  3:20  Gateway  
  44  3:26  Probe  
  44  3:27  Probe  
  46  3:38  Probe  
  46  3:39  Pylon, Void Ray (Chrono Boost), Probe  
  52  3:42  Pylon  
  52  3:50  Probe  
  52  3:51  Probe  
  54  4:03  Nexus  
  54  4:04  Probe  
  54  4:05  Pylon  
  55  4:10  Twilight Council, Probe  
  55  4:16  Probe  
  57  4:17  Gateway  
  57  4:23  Probe  
  58  4:24  Gateway  
  58  4:26  Assimilator  
  58  4:28  Probe  
  59  4:32  Shield Battery  
  59  4:35  Probe  
  60  4:40  Stalker x2  
  60  4:43  Probe  
  65  4:46  Shield Battery  
  65  4:51  Resonating Glaives (Chrono Boost), Probe  
  66  4:55  Assimilator  
  66  4:56  Shield Battery, Probe  
  67  5:03  Stalker x2  
  67  5:05  Probe  
  72  5:08  Probe  
  73  5:15  Adept  
  73  5:19  Pylon  
  73  5:20  Probe, Adept  
  77  5:27  Stalker  
  76  5:29  Stalker  
  76  5:30  Probe  
  76  5:31  Probe  
  76  5:33  Probe  
  81  5:39  Stalker  
  81  5:42  Probe  
  81  5:43  Probe  
  81  5:45  Stalker, Probe  
  81  5:47  Gateway  
  85  5:51  Adept  
  85  5:54  Probe  
  76  5:58  Adept  
  76  6:04  Probe, Adept  
  74  6:08  Oracle (Chrono Boost), Probe x2  
  74  6:10  Adept  
  75  6:13  Adept  
  75  6:16  Probe  
  75  6:18  Adept  
  75  6:20  Probe x2  
  75  6:27  Adept  
  75  6:29  Probe (Chrono Boost)  
  75  6:31  Adept  
  75  6:32  Probe (Chrono Boost)  
  75  6:35  Adept  
Show
View Real Time Build Order
Export as new Build Order

uThermal Zerg 

Build Orders: Hatch First 

Get SALT Encoding   

  12  0:00  Drone  
  13  0:08  Drone  
  14  0:14  Extractor  
  14  0:15  Drone  
  15  0:37  Hatchery  
  15  0:42  Drone, Extractor  
  14  0:48  Overlord  
  15  1:02  Spawning Pool  
  14  1:06  Drone  
  14  1:10  Drone  
  16  1:14  Drone  
  17  1:19  Drone  
  17  1:20  Extractor  
  17  1:28  Drone  
  18  1:39  Drone  
  19  1:49  Queen x2  
  19  1:51  Zergling x2  
  24  1:55  Drone  
  25  2:02  Overlord  
  25  2:06  Drone  
  26  2:13  Drone x2  
  28  2:25  Queen  
  30  2:30  Queen  
  30  2:35  Metabolic Boost  
  32  2:38  Zergling x2  
  32  2:44  Overlord  
  32  2:47  Drone  
  32  2:49  Drone  
  34  2:52  Drone  
  35  3:01  Lair  
  35  3:06  Drone  
  35  3:07  Drone x2  
  38  3:13  Queen  
  40  3:20  Drone x2  
  42  3:32  Hatchery  
  41  3:36  Drone x2  
  41  3:40  Spore Crawler  
  42  3:42  Spore Crawler  
  42  3:44  Zergling x2  
  42  3:48  Overlord  
  42  3:52  Overlord  
  42  3:56  Zergling x4  
  42  4:00  Pneumatized Carapace  
  44  4:04  Overlord  
  44  4:11  Zergling x2  
  44  4:13  Zergling x8  
  49  4:17  Zergling x2  
  49  4:18  Zergling x2  
  51  4:25  Overlord  
  51  4:32  Overlord  
  51  4:55  Zergling x22  
  62  5:05  Overlord  
  62  5:09  Zergling x2  
  62  5:10  Zergling x6  
  62  5:13  Overlord x2  
  66  5:14  Overlord  
  64  5:27  Zergling x2  
  64  5:28  Zergling x6  
  63  5:29  Zergling x6  
  63  5:34  Zergling x2  
  64  5:38  Zergling x4  
  65  5:43  Zergling x6  
  65  5:44  Zergling x4  
  65  5:45  Zergling x2  
  66  5:51  Zergling x4  
  66  5:52  Queen  
  63  5:57  Queen  
  61  6:08  Zergling x2  
  61  6:09  Zergling x2  
  59  6:14  Zergling x4  
  59  6:15  Zergling x4  
  59  6:16  Zergling x2  
  61  6:20  Zergling x2  
Tags
 
Add a new tag
Caveats
  • Supply blocks, unpowered buildings, or Contaminate may cause inaccurate times.
  • Supply counts are checked every 10 seconds.